 Dungeon Crawl Stone Soup version 0.18-a0-1211-g828307d (webtiles) character file.

11 M4edhros the Charlatan (level 2, -7/18 HPs)
             Began as an Octopode Artificer on Feb 3, 2016.
             Killed from afar by Sigmund (10 damage)
             ... with a puff of flame
             ... on level 2 of the Dungeon.
             The game lasted 00:00:19 (340 turns).

M4edhros the Charlatan (Octopode Artificer)          Turns: 340, Time: 00:00:19

Health: -7/18      AC:  1    Str: 10    XL:     2   Next: 25%
Magic:  4/4        EV: 12    Int: 14    God:
Gold:   10         SH:  0    Dex: 12    Spells: 0 memorised, 1 level left

rFire  . . .     SeeInvis .     a - +0 short sword
rCold  . . .     Gourm    .     (no shield)
rNeg   . . .     Faith    .     (helmet restricted)
rPois  .         Spirit   .     (no amulet)
rElec  .         Dismiss  .     (no ring)
rCorr  .         Reflect  .     (no ring)
SustAt .         Harm     .     (no ring)
MR     .....                    (no ring)
Stlth  +++.......               (no ring)
                                (no ring)
                                (no ring)
                                (no ring)

@: not resistant to hostile enchantments, fairly stealthy
A: almost no armour, amphibious, 8 rings, constrict 8, camouflage 1, gelatinous
body 1
a: no special abilities


You were on level 2 of the Dungeon.
You were not hungry.

You visited 1 branch of the dungeon, and saw 2 of its levels.

You collected 10 gold pieces.

Inventory:

Hand Weapons
 a - a +0 short sword (weapon)
Wands
 b - a wand of flame (14/48)
 c - a wand of enslavement (14/24)
 d - a wand of random effects (15/48)
Scrolls
 e - a scroll of random uselessness {unknown}
 g - a scroll of identify {unknown}
 h - a scroll of remove curse {unknown}
Comestibles
 f - a bread ration


   Skills:
 - Level 1.0 Fighting
 - Level 1.0 Short Blades
 * Level 2.4 Dodging
 * Level 1.7 Stealth
 + Level 3.5 Evocations


You had one spell level left.
You didn't know any spells.

Dungeon Overview and Level Annotations

Branches:
Dungeon (2/15)

Altars:

Annotations:
D:2 Sigmund


Innate Abilities, Weirdness & Mutations

You cannot wear most types of armour.
You are amphibious.
You can wear up to eight rings at the same time.
You can use your tentacles to constrict eight enemies at once.
Your skin changes colour to match your surroundings (Stealth).
Your rubbery body absorbs attacks (AC +1).


Message History

The quokka misses you. Sigmund hits you with a scythe!
Ouch! That really hurt!
You hit Sigmund.
Sigmund is lightly wounded.
You constrict Sigmund. The quokka closely misses you.
Unknown command.
You hit Sigmund.
Sigmund is moderately wounded.
You constrict Sigmund. The quokka bites you. Sigmund closely misses you.
The quokka bites you.
* * * LOW HITPOINT WARNING * * *
Evoke which item? (* to show all) (? for menu, Esc to quit)
Zapping:
c - a wand of enslavement (15/24)
Press: ? - help, Shift-Dir - straight line, f - Sigmund
Aim: Sigmund, wielding a scythe and wearing a robe (moderately wounded, constricted by you, chance to defeat MR: 62%)
The quokka is charmed.
This wand has 14 charges left.
You constrict Sigmund. Sigmund gestures at you while chanting.
The puff of flame hits you!
Ouch! That really hurt!
You die...

## .......# ... .
.......##
#.##..........## #
... .#........##
..##.. ...........
.. ......##?.......#
..#
......@r........##.#
.......@...........
...$.............#
.................#
................##
...........†.<..#
.............%..#
..###...#######.# #.
...### ... ... ###


You could see Sigmund and a friendly quokka.

Vanquished Creatures
  2 bats
  2 giant cockroaches (D:1)
  2 hobgoblins (D:1)
  A kobold (D:1)
  2 rats (D:1)
9 creatures vanquished.

Notes
Turn   | Place    | Note
--------------------------------------------------------------
     0 | D:1      | M4edhros the Octopode Artificer began the quest for the Orb.
     0 | D:1      | Reached XP level 1. HP: 13/13 MP: 3/3
     5 | D:1      | Noticed a vampire
     5 | D:1      | Noticed a centaur
     7 | D:1      | Noticed a spriggan
     7 | D:1      | Noticed a tengu
     9 | D:1      | Noticed an octopode
    11 | D:1      | Noticed a felid
    11 | D:1      | Noticed a human
    13 | D:1      | Noticed a naga
    13 | D:1      | Noticed a merfolk
    15 | D:1      | Noticed an ogre
    17 | D:1      | Noticed a ghoul
    17 | D:1      | Noticed an elf
    19 | D:1      | Noticed a troll
    19 | D:1      | Noticed a vine stalker
    21 | D:1      | Noticed a demonspawn
    21 | D:1      | Noticed a minotaur
    23 | D:1      | Noticed a gargoyle
    23 | D:1      | Noticed a formicid
    25 | D:1      | Noticed a demigod
    25 | D:1      | Noticed a dwarf
    27 | D:1      | Noticed a halfling
    27 | D:1      | Noticed a draconian
    75 | D:1      | Reached XP level 2. HP: 4/18 MP: 4/4
   328 | D:2      | Noticed Sigmund
   340 | D:2      | Killed from afar by Sigmund

Vault maps used:
D:1:      kb_arrival_jail
D:2:      kennysheep_generic_room_2, uniq_sigmund

Action                   || total
-------------------------++-------
Melee: Short sword       ||    23
Evoke: Wand              ||     2
 Stab: Sleeping          ||     2
